 Dungeon Crawl Stone Soup version 0.30-a0-777-ga9a30cbeda (webtiles) character file.

Game seed: 13658024390346827258

20 Flugslaktarn the Ducker (level 2, 21/21 HPs)
             Began as an Octopode Fighter on Feb 13, 2023.
             Was a High Priest of Ignis.
             Quit the game on level 1 of the Dungeon.
             The game lasted 00:00:21 (423 turns).

Flugslaktarn the Ducker (Octopode Fighter)           Turns: 423, Time: 00:00:22

Health: 21/21      AC:  1    Str: 15    XL:     2   Next: 79%
Magic:  2/2        EV: 13    Int: 10    God:    Ignis [*****.]
Gold:   23         SH:  4    Dex: 11    Spells: 1/1 levels left

rFire   + . .      SeeInvis .    a - +0 war axe
rCold   . . .      Faith    .    b - +0 buckler
rNeg    . . .      Spirit   .    (helmet restricted)
rPois   .          Reflect  .    (no amulet)
rElec   .          Harm     .    (no ring)
rCorr   .          Rampage  .    (no ring)
Will    .....                    (no ring)
Stlth   ++                       (no ring)
HPRegen 0.23/turn                (no ring)
MPRegen 0.08/turn                (no ring)
                                 (no ring)
                                 (no ring)

@: no status effects
A: almost no armour, amphibious, 8 rings, camouflage 1, gelatinous body 1,
(nimble swimmer 1), tentacles
a: Renounce Religion, Fiery Armour, Foxfire Swarm, Rising Flame


You were on level 1 of the Dungeon.
You worshipped Ignis.
Ignis was extremely pleased with you.
You visited 1 branch of the dungeon, and saw 1 of its levels.

You collected 23 gold pieces.

Inventory:

Hand Weapons
 a - a +0 war axe (weapon)
Armour
 b - a +0 buckler (worn)
Jewellery
 e - an amulet of magic regeneration
   (You found it on level 1 of the Dungeon)
Scrolls
 c - a scroll of silence {unknown}
Potions
 d - a potion of might
 f - a potion of haste {unknown}


   Skills:
 + Level 3.2 Fighting
 * Level 2.5 Axes
 + Level 3.2 Dodging
 + Level 3.2 Shields


You had one spell level left.
You didn't know any spells.
Your spell library was empty.

Dungeon Overview and Level Annotations

Branches:
Dungeon (1/15)

Altars:
Ignis

Shops:
D:1 :


Innate Abilities, Weirdness & Mutations

You cannot wear most types of armour.
You are amphibious.
You can wear up to eight rings at the same time.
Your skin changes colour to match your surroundings (Stealth+).
Your rubbery body absorbs attacks. (AC +1, EV +1)
((You are camouflaged when in or above water. (Stealth+)))
You have tentacles for arms and can constrict up to eight enemies at once.


Message History

Found 5 stones.
There is an open door here.
You see here 5 stones.
A giant cockroach and a ball python come into view.
There are monsters nearby!
The helpless giant cockroach fails to defend itself.
You hit the giant cockroach. Your grab misses the giant cockroach.
The giant cockroach is almost dead.
You block the giant cockroach's attack. The giant cockroach bites you.
You closely miss the giant cockroach. Your grab misses the giant cockroach.
Your squeeze misses the giant cockroach.
The giant cockroach is almost dead.
The ball python hisses angrily.
The giant cockroach misses you.
There are monsters nearby!
You hit the giant cockroach but do no damage.
Your grab misses the giant cockroach.
Your squeeze misses the giant cockroach.
The giant cockroach is almost dead.
The giant cockroach bites you. x2
There are monsters nearby!
You barely miss the giant cockroach. Your grab misses the giant cockroach.
You squeeze the giant cockroach.
You kill the giant cockroach!
You closely miss the ball python. The ball python bites you.
The ball python completely misses you. The ball python closely misses you.
The ball python misses you.
You slash the ball python!
You kill the ball python!
No target in view!
You open the door.
There is an open door here.
There is a stone staircase leading down here.
You open the door.
There is an open door here.
You open the door.
There is an open door here.
An endoplasm comes into view.
An endoplasm is nearby!
An endoplasm is nearby!
An endoplasm is nearby!
The helpless endoplasm fails to defend itself.
You slash the endoplasm!
You kill the endoplasm!
No target in view!
No target in view!
No target in view!
As you open the door, it creaks loudly!
A rat comes into view.
An endoplasm comes into view.
Found 7 stones.
Found a faded altar of an unknown god.
There are monsters nearby!
There are monsters nearby!
You block the rat's attack.
There is an open door here.
You slash the rat!
You kill the rat!
You barely miss the endoplasm. The endoplasm hits you.
You hit the endoplasm.
You kill the endoplasm!
No target in view!
No target in view!
No target in view!
No target in view!
No target in view!
No target in view!
No target in view!
A bat comes into view.
A bat is nearby!
A bat is nearby!
There is a faded altar of an unknown god here.
This altar belongs to (a) Gozag, (b) Elyvilon or (c) Ignis, but you can't tell which.
Press the corresponding letter to learn more about a god, or press enter to convert or escape to cancel.
Okay, then.
Found a dagger.
You block the bat's attack. The bat closely misses you.
You miss the bat. Your grab misses the bat. You block the bat's attack.
You hit the bat but do no damage. Your grab misses the bat.
You squeeze the bat.
You kill the bat!
No target in view!
No target in view!
There is a faded altar of an unknown god here.
This altar belongs to (a) Gozag, (b) Elyvilon or (c) Ignis, but you can't tell which.
Press the corresponding letter to learn more about a god, or press enter to convert or escape to cancel.
Ignis accepts your prayer! Ignis welcomes you!
A giant cockroach comes into view.
A giant cockroach is nearby!
A giant cockroach is nearby!
A rat comes into view.
The giant cockroach closely misses you.
You hit the giant cockroach. You grab the giant cockroach.
The giant cockroach is severely wounded.
You constrict the giant cockroach, but do no damage.
The giant cockroach bites you but does no damage.
The giant cockroach misses you.
You hit the giant cockroach.
The giant cockroach is almost dead.
You constrict the giant cockroach.
You kill the giant cockroach!
You see here a giant cockroach corpse.
The rat misses you.
Are you sure you want to abandon this character and quit the game? (Confirm with "yes".)

...# #......#....
#.#####.#
...###...∩....## #.#
#.# ...##............
#.# #.#
...##...⌠.⌠.#####
#.#####.##
....).#.........
#...†....#
....############
########## ...##
###########+### ...#
#.............# ...#
#......†.@r...#
...#####.............#
####⌠(∩#.............#
####.................#
#...._...............#
#...#..#.............#
'...+..#.....).......#
#†..####.............#
#...# #..........


You could see a rat.

Vanquished Creatures
  4 endoplasms (D:1)
  2 giant cockroaches (D:1)
  A hobgoblin (D:1)
  2 jackals (D:1)
  2 kobolds (D:1)
  A ball python (D:1)
  2 bats (D:1)
  2 frilled lizards (D:1)
  A rat (D:1)
17 creatures vanquished.

Notes
Turn   | Place    | Note
-------+----------+-------------------------------------------
     0 | D:1      | Flugslaktarn the Octopode Fighter began the quest for the
                  | Orb.
     0 | D:1      | Reached XP level 1. HP: 16/16 MP: 1/1
    52 | D:1      | Found Qocoto's Vocational Training.
   155 | D:1      | Reached XP level 2. HP: 21/21 MP: 2/2
   384 | D:1      | Found a faded altar of an unknown god.
   409 | D:1      | Prayed at the altar of an unknown god.
   409 | D:1      | Became a worshipper of Ignis, the Dying Flame
   423 | D:1      | Quit the game

Illustrated notes

Levels and vault maps discovered:
D:1:      eino_arrival_cavern_a, layout_basic,
          ebering_ecumenical_altar_abandoned, nicolae_shop_vocational

Action                     || total
---------------------------++-------
  Melee: War axe           ||    26
         Tentacles         ||     6
         Constrict         ||     4
   Stab: Sleeping          ||     4
 Armour: Skin              ||     2
  Dodge: Dodged            ||    14
  Block: Buckler           ||     5

Table legend: (Time is in decaauts)
 A = Elapsed time spent in this place.
 B = Non-inter-level travel time spent in this place.
 C = Inter-level travel time spent in this place.
 D = Time resting spent in this place.
 E = Time spent auto-exploring this place.
 F = Levels seen in this place.
 G = Mean time per level.
                   A        B        C        D        E       F      G
               +--------+--------+--------+--------+--------+-----+--------+
         Total |    433 |    433 |      0 |      0 |    319 |   1 |  433.0 |
       Dungeon |    433 |    433 |      0 |      0 |    319 |   1 |  433.0 |
               +--------+--------+--------+--------+--------+-----+--------+

Top non-repeatable levels by time:
     D:1: 433 daAuts
